 Dungeon Crawl Stone Soup version 0.26-a0-648-g87339cca5e (webtiles) character file.

Game seed: 1711691184842888417

226 Colgate the Insei (level 6, -4/38 HPs)
             Began as an Octopode Transmuter on Sept 25, 2020.
             Slain by an ogre
             ... wielding a cursed -3 giant club
              (12 damage)
             ... on level 4 of the Dungeon.
             The game lasted 00:17:28 (3479 turns).

Colgate the Insei (Octopode Transmuter)             Turns: 3479, Time: 00:17:28

Health: -4/38      AC:  1    Str:  9 (10) XL:     6   Next: 1%
Magic:  6/9        EV: 13    Int: 16 (17) God:
Gold:   98         SH:  0    Dex: 10 (12) Spells: 6/9 levels left

rFire    . . .     SeeInvis .     - Unarmed
rCold    . . .     Faith    .   (no shield)
rNeg     . . .     Spirit   .   (helmet currently unavailable)
rPois    .         Reflect  .   (no amulet)
rElec    .         Harm     .   (no ring)
rCorr    .         Rampage  .   (no ring)
MR       .....                  (no ring)
Stlth    +++.......             (no ring)
HPRegen  0.12/turn              (no ring)
MPRegen  0.11/turn              (no ring)
                                (no ring)
                                (no ring)

@: mighty, lethally poisoned (-4 -> -9), appendages
A: almost no armour, stealthy swim, amphibious, 8 rings, constrict 8, tentacle
spike 3, camouflage 1, gelatinous body 1
a: End Transformation


You were on level 4 of the Dungeon.
One of your tentacles had a temporary spike.
You visited 1 branch of the dungeon, and saw 4 of its levels.

You collected 98 gold pieces.

Inventory:

Hand Weapons
 a - a +0 hunting sling
Missiles
 d - 97 arrows
 j - 16 bolts
Scrolls
 b - 2 scrolls of remove curse {unknown}
 c - 2 scrolls of fog {unknown}
 e - a scroll of identify {unknown}
 f - 2 scrolls of enchant armour {unknown}
 i - 7 scrolls of teleportation {unknown}
 k - 2 scrolls of magic mapping {unknown}
Potions
 h - a potion of flight {unknown}
 n - a potion of degeneration
 o - a potion of brilliance {unknown}


   Skills:
 - Level 1.0 Fighting
 - Level 1.1 Slings
 - Level 2.0 Dodging
 - Level 2.0 Stealth
 + Level 6.1 Unarmed Combat
 - Level 2.0 Spellcasting
 - Level 2.0 Transmutations


You had 6 spell levels left.
You knew the following spells:

 Your Spells              Type           Power        Failure   Level
a - Beastly Appendage     Tmut           #.....       9%          1
b - Wereblood             Tmut           #.......     14%         2

Your spell library contained the following spells:

 Spells                   Type           Power        Failure   Level
 Spider Form              Tmut/Pois      #.........   38%         3
 Ice Form                 Ice/Tmut       #.......     80%         4
 Blade Hands              Tmut           #.........   94%         5


Dungeon Overview and Level Annotations

Branches:
Dungeon (4/15)
 Temple: D:4-7

Altars:


Innate Abilities, Weirdness & Mutations

You cannot wear most types of armour.
You are very stealthy in the water. (Stealth+)
You are amphibious.
You can wear up to eight rings at the same time.
You can use your tentacles to constrict eight enemies at once.
Your skin changes colour to match your surroundings (Stealth+).
Your rubbery body absorbs attacks. (AC +1, EV +1)
One of your tentacles bears a large vicious spike.


Message History

You see here an adder corpse.
Casting: Wereblood (safe; 14% risk of failure)
Confirm with . or Enter, or press ? or * to list all spells.
One of your tentacles grows a vicious spike.
You feel sick.
An ogre comes into view. It is wielding a -3 giant club.
You howl as the wereblood boils in your veins!
You feel sick.
You bludgeon the ogre!
The ogre is moderately wounded.
You feel sick.
The ogre hits you with a cursed -3 giant club!!
Ouch! That really hurt!
* * * LOW HITPOINT WARNING * * *
You are too injured to fight recklessly!
You tentacle-slap the ogre.
You pierce the ogre!
The ogre is almost dead.
Your primal bloodlust has ended.
The ogre hits you with a cursed -3 giant club!
You die...

.?........#..
...............
........... ...
...#...... ....
#.)..... .....
..#.##..†##.....
.........†..#
....#.<†.#.#
........@##
#........O#
............
.........#....
........##...#..
.......## .### .
....... . .##...
.


You could see an ogre.

Vanquished Creatures
  2 hounds
  Terence (D:3)
  A worker ant (D:4)
  5 adders
  2 worms (D:3)
  2 dart slugs (D:1)
  2 leopard geckos (D:1)
  5 orcs (D:3)
  7 bats
  5 giant cockroaches
  6 goblins
  6 hobgoblins
  A quokka (D:3)
  2 frilled lizards
  7 kobolds
  5 rats
59 creatures vanquished.

Notes
Turn   | Place    | Note
-------+----------+-------------------------------------------
     0 | D:1      | Colgate the Octopode Transmuter began the quest for the
                  | Orb.
     0 | D:1      | Reached XP level 1. HP: 13/13 MP: 3/3
   282 | D:1      | Reached XP level 2. HP: 18/18 MP: 1/5
   286 | D:1      | Learned a level 2 spell: Wereblood
   960 | D:1      | Reached skill level 4 in Unarmed Combat
  1042 | D:1      | Reached skill level 1 in Stealth
  1042 | D:1      | Reached XP level 3. HP: 23/23 MP: 2/6
  1926 | D:2      | Reached XP level 4. HP: 26/28 MP: 5/7
  2274 | D:3      | Noticed Terence
  2292 | D:3      | Killed Terence
  2292 | D:3      | Reached skill level 5 in Unarmed Combat
  2786 | D:3      | Reached skill level 1 in Slings
  2786 | D:3      | Reached XP level 5. HP: 31/33 MP: 6/8
  3471 | D:4      | Reached skill level 6 in Unarmed Combat
  3473 | D:4      | Reached XP level 6. HP: 31/38 MP: 7/9
  3479 | D:4      | Slain by an ogre

Illustrated notes

Levels and vault maps discovered:
D:1:      minmay_arrival_doors, layout_basic
D:2:      lemuel_upstairs_altar, layout_rooms
D:3:      layout_basic, uniq_terence
D:4:      layout_cave_pools, minmay_temple_entry_trees

Skill      XL: |  1  2  3  4  5 |
---------------+----------------+-----
Unarmed Combat | 4 5 6 |  6.1
Stealth        | 1 2 |  2.0
Slings         | 1 |  1.1
Fighting       | |  1.0
Dodging        | |  2.0
Spellcasting   | |  2.0
Transmutations | |  2.0

Action                   |  1- 3 |  4- 6 || total
-------------------------+-------+-------++-------
Melee: Unarmed           |    55 |    47 ||   102
       Constrict         |    16 |    12 ||    28
       Kick              |    14 |    16 ||    30
       Tentacles         |     5 |     9 ||    14
       Punch             |     1 |     4 ||     5
 Fire: Hunting sling     |    13 |    18 ||    31
Throw: Stone             |     3 |       ||     3
 Cast: Beastly Appendage |    38 |    28 ||    66
       Wereblood         |     2 |     2 ||     4
  Use: Potion            |       |     3 ||     3
 Stab: Sleeping          |     4 |     2 ||     6
Armor: Skin              |     5 |       ||     5
Dodge: Dodged            |    19 |    12 ||    31

Table legend: (Time is in decaauts)
 A = Elapsed time spent in this place.
 B = Non-inter-level travel time spent in this place.
 C = Inter-level travel time spent in this place.
 D = Time resting spent in this place.
 E = Time spent auto-exploring this place.
 F = Levels seen in this place.
 G = Mean time per level.
                   A        B        C        D        E       F      G
               +--------+--------+--------+--------+--------+-----+--------+
         Total |   3456 |   3318 |    138 |      0 |   2923 |   4 |  864.0 |
       Dungeon |   3456 |   3318 |    138 |      0 |   2923 |   4 |  864.0 |
               +--------+--------+--------+--------+--------+-----+--------+

Top non-repeatable levels by time:
     D:1: 1480 daAuts
     D:3: 1385 daAuts
     D:2: 565 daAuts
     D:4: 24 daAuts
